 Dungeon Crawl Stone Soup version 0.32-a0-613-g40f424ee2b (webtiles) character file.

Game seed: 205621195037584196

4617 Kenran the Grappler (level 10, 0/64 HPs)
             Began as a Gargoyle Reaver on Mar 5, 2024.
             Was an Initiate of Makhleb.
             Slain by a boulder beetle (38 damage)
             ... on level 8 of the Dungeon.
             The game lasted 00:13:39 (7562 turns).

Kenran the Grappler (Gargoyle Reaver)               Turns: 7562, Time: 00:13:40

Health: 0/64       AC: 26    Str: 20    XL:     10   Next: 42%
Magic:  13/13      EV:  7    Int: 14    God:    Makhleb [......]
Gold:   335        SH:  5    Dex: 14    Spells: 12/13 levels left

rFire   . .          .
                       - Unarmed
rCold   . . .        (no shield)
rNeg    + . .        v - +0 plate armour
rPois   ∞            (no helmet)
rElec   +            o - +1 cloak
rCorr   .            D - +2 pair of gloves
SInv    .            (no boots)
Will    .....        b - amulet of reflection Stlth
                     h - +6 ring of dexterity
HPRegen 0.30/turn    (no ring)
MPRegen 0.13/turn

%: reflection
@: no status effects
A: sickness immunity, AC +7, negative energy resistance 1, electricity
resistance, torment resistance 1, petrification resistance
a: Renounce Religion


You were on level 8 of the Dungeon.
You worshipped Makhleb.
Makhleb was noncommittal.
You visited 2 branches of the dungeon, and saw 9 of its levels.
You also visited: Bailey.

You collected 335 gold pieces.

Inventory:

Armour
 o - a +1 cloak (worn)
 v - a +0 plate armour (worn)
 D - a +2 pair of gloves (worn)
Jewellery
 b - an amulet of reflection (around neck)
 h - a +6 ring of dexterity (left hand)
Wands
 a - a wand of paralysis (6)
 j - a wand of polymorph (22)
 n - a wand of flame (8)
 w - a wand of digging (8)
Scrolls
 d - 5 scrolls of enchant weapon
 e - a scroll of brand weapon
 g - 6 scrolls of teleportation
 l - a scroll of immolation {!r}
 m - 2 scrolls of fog
 p - a scroll of silence {unknown}
 q - a scroll of poison
 s - a scroll of revelation
 t - 2 scrolls of amnesia
 y - 3 scrolls of enchant armour {unknown}
 A - a scroll of butterflies {unknown}
 C - 2 scrolls of blinking {unknown}
Potions
 f - a potion of curing {unknown}
 i - 2 potions of heal wounds {@q2}
 k - a potion of brilliance {unknown}
 r - 2 potions of degeneration {unknown}
 u - a potion of cancellation {unknown}
 x - a potion of resistance {unknown}
 z - 2 potions of attraction {unknown}
 B - a potion of might {unknown}


   Skills:
 - Level 8.0 Fighting
 + Level 7.7 Armour
 - Level 1.5 Dodging
 + Level 11.6 Unarmed Combat
 - Level 2.0 Spellcasting
 - Level 3.2 Conjurations


You had 12 spell levels left.
You knew the following spells:

 Your Spells              Type           Power      Damage    Failure   Level
a - Kiss of Death         Conj/Necr      24%        2d7       94%         1

Your spell library contained the following spells:

 Spells                   Type           Power      Damage    Failure   Level
 Momentum Strike          Conj/Tloc      12%        3d8       98%         2
 Summon Small Mammal      Summ           4%         N/A       99%         1
 Call Canine Familiar     Summ           1%         N/A       100%        3
 Hailstorm                Conj/Ice       6%         3d5       100%        3
 Animate Dead             Necr           1%         N/A       100%        4
 Summon Blazeheart Golem  Fire/Summ      1%         N/A       100%        4
 Haunt                    Necr/Summ      0%         N/A       100%        7
 Infestation              Necr           0%         N/A       100%        8


Dungeon Overview and Level Annotations

Branches:
Dungeon (8/15)             Temple (1/1) D:6          Bailey (visited)
   Lair: D:8-11

Altars:
Ashenzari
Dithmenos
Elyvilon
Fedhas
Makhleb
Nemelex Xobeh
Okawaru
Qazlal
Ru
Sif Muna
Trog
Uskayaw
Vehumet
Wu Jian
Yredelemnul
Zin

Shops:
D:4 :

Annotations:
D:3 1 runed translucent door, Crazy Yiuf


Innate Abilities, Weirdness & Mutations

You are immune to sickness and miasma.
Your stone body is resilient. (AC +7)
You are immune to poison.
You resist negative energy. (rN+)
You are resistant to electric shocks. (rElec)
You are resistant to unholy torment.
You are immune to petrification.


Message History

The yak bellows!
You punch the kobold!
You kill the kobold!
Makhleb accepts your kill.
The kobold brigand hits you but does no damage.
The orc hits you but does no damage.
Things that are here:
a +1 whip of draining; a kobold corpse The kobold brigand attacks as it pursues you!
The kobold brigand hits you with a +0 whip.
The orc attacks as it pursues you! The orc hits you but does no damage.
The kobold brigand attacks as it pursues you!
The kobold brigand hits you but does no damage.
The boulder beetle curls into a ball and begins rolling!
The kobold brigand throws a poisoned dart.
The poisoned dart hits you!
The boulder beetle attacks as it pursues you!
The boulder beetle barely misses you.
The boulder beetle stops rolling and uncurls.
You barely miss the boulder beetle. The boulder beetle barely misses you.
You hit the boulder beetle but do no damage.
You block the boulder beetle's attack.
You hit the boulder beetle.
The boulder beetle is lightly wounded.
The boulder beetle barely misses you.
You hit the boulder beetle but do no damage.
The boulder beetle is lightly wounded.
The boulder beetle bites you!
You hit the boulder beetle but do no damage.
The boulder beetle is lightly wounded.
You hit the boulder beetle but do no damage.
The boulder beetle is lightly wounded.
The boulder beetle bites you but does no damage.
You barely miss the boulder beetle. The boulder beetle bites you!
You are too injured to fight recklessly!
The boulder beetle curls into a ball and begins rolling!
There is a stone staircase leading down here.
The boulder beetle hits you!!!
Ouch! That really hurt!
You die...

...▓. #... ######..▓
###....#..▓ ..........▓▓▓.▓
............. .
..........###...
~~≈~...>@.'.....
≣≣≣≣≣~...B..###...▓ ..
≣...≣~..Y°..# #...▓ ... #
≣.∩.≣~....°.# #...▓▓▓.▓▓▓ #.
≣.).≣~...K..###......°...
#.~≣≣.≣≣~..#Y###.......°....
#.~~~~~≈~..#KKK°o..Y........
#............Y.Y.K..........
###............K..K.).......


You could see a boulder beetle (rolling), 2 yaks, a kobold brigand and a kobold.

Vanquished Creatures
  Joseph (D:7)
  A troll (D:7)
  A hornet (D:7)
  4 spriggans
  A wraith (D:7)
  4 yaks
  A steam dragon (D:7)
  Menkaure (D:7)
  An acid dragon (D:5)
  2 water moccasins
  A sky beast (D:7)
  2 ice beasts
  2 black bears
  4 ogres (Bailey)
  A centaur (D:8)
  A phantom (D:3)
  A gnoll sergeant (D:5)
  A scorpion (D:5)
  A howler monkey (D:7)
  2 bombardier beetles
  2 hounds
  4 jellies
  An orc priest (D:3)
  A sleepcap (D:5)
  An iguana (D:4)
  Natasha (thrice) (D:2)
  4 orc wizards
  2 hound skeletons (D:3)
  A howler monkey skeleton (D:3)
  12 gnolls
  13 adders
  2 shadow imps
  2 ufetubi (D:5)
  A spectral adder (D:3)
  2 dart slugs
  A ribbon worm (D:5)
  An adder simulacrum (D:3)
  14 orcs
  4 ball pythons
  5 bats
  6 endoplasms
  6 giant cockroaches
  10 goblins
  A hobgoblin (D:3)
  3 jackals (D:1)
  2 quokkas
  A giant cockroach simulacrum (D:3)
  13 kobolds
  6 rats
157 creatures vanquished.

Notes
Turn   | Place    | Note
-------+----------+-------------------------------------------
     0 | D:1      | Kenran the Gargoyle Reaver began the quest for the Orb.
     0 | D:1      | Reached XP level 1. HP: 12/12 MP: 3/3
   102 | D:1      | Reached XP level 2. HP: 17/17 MP: 5/5
   882 | D:2      | Reached skill level 4 in Unarmed Combat
   993 | D:2      | Reached XP level 3. HP: 21/21 MP: 6/6
  1042 | D:2      | Noticed Natasha
  1062 | D:2      | Killed Natasha
  1227 | D:2      | Reached XP level 4. HP: 23/26 MP: 7/7
  1253 | D:2      | Reached skill level 5 in Unarmed Combat
  1288 | D:2      | Noticed Natasha
  1296 | D:2      | Killed Natasha
  1347 | D:2      | Noticed Natasha
  1355 | D:2      | Killed Natasha
  1356 | D:2      | Reached XP level 5. HP: 30/30 MP: 8/8
  1514 | D:2      | Found a hide-covered altar of Uskayaw.
  1760 | D:3      | Noticed a phantom
  1784 | D:3      | Killed a phantom
  1785 | D:3      | Reached skill level 6 in Unarmed Combat
  1931 | D:3      | Reached XP level 6. HP: 30/35 MP: 9/9
  1966 | D:3      | Identified the +7 dagger of Virtue {pain, Will+ Int+2
                  | Stlth+}
  2124 | D:3      | Reached skill level 7 in Unarmed Combat
  2717 | D:3      | Reached XP level 7. HP: 40/40 MP: 10/10
  3100 | D:3      | Found a runed translucent door.
  3101 | D:3      | Noticed Crazy Yiuf
  3367 | D:4      | Found a radiant altar of Vehumet.
  3450 | D:4      | Reached skill level 8 in Unarmed Combat
  3527 | D:4      | Found Cophyesh's Book Boutique.
  3625 | D:4      | Reached skill level 1 in Armour
  3956 | D:5      | Entered Level 5 of the Dungeon
  4445 | D:5      | Identified the +10 hand axe "Beetlebane" {drain, Will+
                  | Str+4 Dex+2}
  4464 | D:5      | Reached XP level 8. HP: 40/44 MP: 11/11
  4813 | D:5      | Reached skill level 9 in Unarmed Combat
  5103 | D:6      | Noticed a +0 hand axe
  5114 | D:6      | Noticed a +0 dagger
  5115 | D:6      | Found a hide-covered altar of Uskayaw.
  5328 | D:6      | Reached skill level 10 in Unarmed Combat
  5391 | D:6      | Found a staircase to the Ecumenical Temple.
  5406 | Temple   | Entered the Ecumenical Temple
  5456 | Temple   | Became a worshipper of Makhleb the Destroyer
  5941 | D:7      | Reached skill level 5 in Fighting
  5959 | D:7      | Reached XP level 9. HP: 52/54 MP: 12/12
  5986 | D:7      | Noticed a hornet
  5997 | D:7      | Killed a hornet
  6058 | D:7      | Noticed Menkaure
  6312 | D:7      | Killed Menkaure
  6315 | D:7      | Noticed Joseph
  6436 | D:7      | Killed Joseph
  7015 | D:7      | Reached skill level 5 in Armour
  7092 | D:8      | Noticed a troll
  7162 | D:7      | Killed a troll
  7163 | D:7      | Reached XP level 10. HP: 57/64 MP: 13/13
  7169 | D:7      | Reached skill level 11 in Unarmed Combat
  7209 | D:8      | Found a flagged portal.
  7218 | Bailey   | Entered a bailey
  7376 | Bailey   | Identified the +6 broad axe of Defence {pain, Dex+7}
  7538 | D:8      | Noticed a boulder beetle
  7562 | D:8      | Slain by a boulder beetle

Illustrated notes

Levels and vault maps discovered:
D:1:      tekkud_arrival_beachfront_property, layout_basic
D:2:      layout_loops_cross, basic_altar, minmay_between, uniq_natasha
D:3:      kb_forest_paths, layout_loops_corners, dilly_guarded_unrand_morg,
          uniq_crazy_yiuf_cottage
D:4:      nicolae_cairo_tiling_large, layout_loops_cross, lemuel_doored_altar,
          serial_shops, nicolae_shop_just_a_little_nook,
          serial_library_regret_index_branch_corner
D:5:      layout_basic
D:6:      layout_gridville, dancing_weapons_uskayaw,
          minmay_temple_entry_gardened_gates
D:7:      wander_river, layout_loops_ring, uniq_joseph, uniq_menkaure
D:8:      kennysheep_blocky_hall, layout_basic, enter_bailey_3,
          minmay_chambers_of_fives
Temple:   eino_temple_lava

Skill      XL: |  1  2  3  4  5  6  7  8  9 10 |
---------------+-------------------------------+-----
Unarmed Combat | 4 5 6 7 8 10 11 | 11.6
Armour         | 3 4 6 7 |  7.7
Fighting       | 5 8 |  8.0
Dodging        | |  1.5
Spellcasting   | |  2.0
Conjurations   | |  3.2

Action                     |  1- 3 |  4- 6 |  7- 9 | 10-12 || total
---------------------------+-------+-------+-------+-------++-------
  Melee: Unarmed           |   120 |   161 |   365 |    56 ||   702
         Punch             |     3 |     4 |    14 |     5 ||    26
  Throw: Throwing net      |       |       |     1 |       ||     1
  Evoke: Wand              |       |       |     2 |    12 ||    14
    Use: Scroll            |     1 |     3 |     6 |       ||    10
         Potion            |       |       |     1 |       ||     1
   Stab: Paralysed         |       |       |     5 |       ||     5
 Armour: Leather armour    |    72 |    23 |       |       ||    95
         Chain mail        |       |    61 |   204 |       ||   265
         Plate armour      |       |       |    91 |    82 ||   173
  Dodge: Dodged            |    75 |    46 |   114 |    21 ||   256
  Block: Other             |    26 |    32 |    91 |    15 ||   164
         Reflection        |       |       |     1 |       ||     1

Table legend: (Time is in decaauts)
 A = Elapsed time spent in this place.
 B = Non-inter-level travel time spent in this place.
 C = Inter-level travel time spent in this place.
 D = Time resting spent in this place.
 E = Time spent auto-exploring this place.
 F = Levels seen in this place.
 G = Mean time per level.
                   A        B        C        D        E       F      G
               +--------+--------+--------+--------+--------+-----+--------+
         Total |   7498 |   7180 |    318 |   1685 |   3862 |  10 |  749.8 |
       Dungeon |   7265 |   6954 |    311 |   1577 |   3857 |   8 |  908.1 |
        Temple |     58 |     51 |      7 |      0 |      0 |   1 |   58.0 |
        Bailey |    174 |    174 |      0 |    108 |      5 |   1 |  174.0 |
               +--------+--------+--------+--------+--------+-----+--------+

Top non-repeatable levels by time:
     D:3: 1491 daAuts
     D:7: 1159 daAuts
     D:5: 1105 daAuts
     D:6: 849 daAuts
     D:1: 823 daAuts
     D:2: 810 daAuts
     D:4: 803 daAuts
     D:8: 223 daAuts
  Bailey: 174 daAuts
  Temple: 58 daAuts
